 Dungeon Crawl Stone Soup version 0.31-a0-868-g674d60d6f7 (webtiles) character file.

Game seed: 7437909246944787988

1336 Newt the Skirmisher (level 8, 0/47 (49) HPs)
             Began as a Kobold Hunter on Oct 11, 2023.
             Slain by a black bear (1 damage)
             ... on level 6 of the Dungeon.
             The game lasted 00:05:34 (6473 turns).

Newt the Skirmisher (Kobold Hunter)                 Turns: 6473, Time: 00:05:35

HP:   0/47 (49)     AC:  5    Str:  9    XL:     8   Next: 92%
MP:   8/8           EV: 17    Int: 10    God:
Gold: 313           SH:  0    Dex: 20    Spells: 7/7 levels left

rFire   . . .        a - +0 shortbow
rCold   . . .        (shield currently unavailable)
rNeg    . . .        c - +0 leather armour
rPois   .            (no helmet)
rElec   .            k - +0 cloak
rCorr   .            j - +0 pair of gloves
SInv    .            (no boots)
Will    .....        (no amulet)
Stlth   +++          r - ring of flight
HPRegen 0.27/turn    (no ring)
MPRegen 0.11/turn

%: no passive effects
@: flying, lightly drained
A: small, no large weapons, nightstalker 3
a: no special abilities


You were on level 6 of the Dungeon.
You visited 2 branches of the dungeon, and saw 7 of its levels.

You collected 313 gold pieces.

Inventory:

Hand Weapons
 a - a +0 shortbow (weapon)
Armour
 c - a +0 leather armour (worn)
 j - a +0 pair of gloves (worn)
 k - a +0 cloak (worn)
Jewellery
 m - an amulet of faith
 r - a ring of flight (left hand)
 x - a ring of magical power
Wands
 l - a wand of mindburst (7)
 s - a wand of flame (19)
 v - a wand of paralysis (9)
 w - a wand of acid (9)
Scrolls
 b - a scroll of butterflies
 d - 3 scrolls of teleportation
 g - a scroll of fog
 i - a scroll of blinking
 n - a scroll of fear
 u - 3 scrolls of amnesia
Potions
 e - 2 potions of haste
 f - 2 potions of cancellation {unknown}
 h - a potion of heal wounds
 o - a potion of berserk rage {unknown}
 p - a potion of degeneration {unknown}
 q - a potion of lignification {unknown}
 t - a potion of brilliance {unknown}


   Skills:
 - Level 5.0 Fighting
 + Level 12.3 Ranged Weapons
 - Level 5.0 Dodging
 - Level 1.3 Stealth


You had 7 spell levels left.
You didn't know any spells.
Your spell library contained the following spells:

 Spells                   Type           Power      Damage    Failure   Level
 Ensorcelled Hibernation  Hex/Ice        0%         N/A       63%         2
 Lesser Beckoning         Tloc           0%         N/A       63%         2
 Passwall                 Tmut/Erth      0%         N/A       63%         2
 Gell's Gravitas          Tloc           0%         N/A       85%         3
 Swiftness                Air            0%         N/A       85%         3
 Teleport Other           Tloc           0%         N/A       85%         3


Dungeon Overview and Level Annotations

Branches:
Dungeon (6/15)             Temple (1/1) D:5

Altars:
Ashenzari
Dithmenos
Elyvilon
Gozag
Hepliaklqana
Kikubaaqudgha
Makhleb
Nemelex Xobeh
Okawaru
Qazlal
Sif Muna
Trog
Uskayaw
Vehumet
Wu Jian
Yredelemnul
Zin
The Shining One

Annotations:
Temple 4 transporters


Innate Abilities, Weirdness & Mutations

You are small and have problems with some larger weapons.
You are completely attuned to the shadows.


Message History

The black bear attacks as it pursues you!
The black bear misses you. x2; The black bear completely misses you.
You shoot an arrow.
The arrow closely misses the black bear.
The black bear bites you. The black bear closely misses you.
The black bear claws you but does no damage.
You shoot an arrow. The arrow hits the black bear.
The black bear is moderately wounded.
The black bear completely misses you. x2; The black bear claws you.
You shoot an arrow. The arrow barely misses the black bear.
The arrow hits the wight but does no damage.
The black bear barely misses you. The black bear claws you.
* * * LOW HITPOINT WARNING * * *
The black bear claws you but does no damage.
You shoot an arrow. The arrow hits the black bear.
The black bear is moderately wounded.
The wight completely misses you. The black bear completely misses you.
The black bear claws you but does no damage.
The black bear barely misses you.
You shoot an arrow. The arrow barely misses the black bear.
The arrow barely misses the wight.
The arrow hits the wight but does no damage.
You shoot an arrow.
The arrow closely misses the black bear.
The arrow hits the wight but does no damage.
The wight barely misses you. The black bear bites you.
* * * LOW HITPOINT WARNING * * *
The black bear claws you but does no damage.
The black bear claws you.
* * * LOW HITPOINT WARNING * * *
There is an open door here.
The black bear attacks as it pursues you!
The black bear barely misses you. The black bear misses you.
The black bear barely misses you.
The black bear attacks as it pursues you!
The black bear bites you but does no damage.
The black bear claws you.
* * * LOW HITPOINT WARNING * * *
The black bear claws you.
You die... .. # # # .########## # ..........# .#..... ..........+ ..... ..........# zz.

#### #.........@# #z###
....
#.........h#####...#.
####
#..........'.z.z.....
....
#..........#######...
#### ###'#.........# #..
# #.#.#######.# .. ####
#.#########.# ....
#...........#####+######
###########............#


You could see a black bear.

Vanquished Creatures
  The ghost of xbox the Insei, an amateur OpWr of Gozag (D:5)
  A sky beast (D:6)
  A black bear (D:4)
  A kobold brigand (D:6)
  A bullfrog (D:5)
  A scorpion (D:5)
  A wight (D:6)
  A howler monkey (D:5)
  A jelly (D:4)
  A hound (D:5)
  4 orc priests
  4 iguanas
  Natasha (thrice) (D:2)
  3 orc wizards
  15 adders
  A worm (D:2)
  8 dart slugs
  17 orcs
  2 ball pythons (D:3)
  7 bats
  7 endoplasms
  3 giant cockroaches
  6 goblins
  6 hobgoblins
  15 kobolds
  8 quokkas
  3 frilled lizards
  7 rats
129 creatures vanquished.

Notes
Turn   | Place    | Note
-------+----------+-------------------------------------------
     0 | D:1      | Newt the Kobold Hunter began the quest for the Orb.
     0 | D:1      | Reached XP level 1. HP: 12/12 MP: 1/1
   109 | D:1      | Reached XP level 2. HP: 18/18 MP: 2/2
   324 | D:1      | Reached XP level 3. HP: 23/23 MP: 3/3
  1056 | D:2      | Noticed Natasha
  1065 | D:2      | Killed Natasha
  1066 | D:2      | Reached XP level 4. HP: 12/30 MP: 4/4
  1138 | D:2      | Noticed Natasha
  1148 | D:2      | Killed Natasha
  1149 | D:2      | Reached skill level 5 in Fighting
  1165 | D:2      | Noticed Natasha
  1178 | D:2      | Killed Natasha
  1179 | D:2      | Reached XP level 5. HP: 13/35 MP: 5/5
  1364 | D:2      | Reached skill level 6 in Ranged Weapons
  2364 | D:3      | Found a radiant altar of Vehumet.
  2371 | D:3      | Reached skill level 7 in Ranged Weapons
  2384 | D:3      | Reached XP level 6. HP: 19/40 MP: 6/6
  2501 | D:3      | Identified the +1 dagger "Carr" {venom, *Rage rElec Int+2
                  | Dex+8}
  2874 | D:3      | Found a glowing silver altar of Zin.
  2874 | D:3      | Noticed an angel
  3618 | D:4      | Reached skill level 8 in Ranged Weapons
  3743 | D:4      | Reached XP level 7. HP: 41/44 MP: 7/7
  3856 | D:4      | Reached skill level 9 in Ranged Weapons
  4163 | D:5      | Entered Level 5 of the Dungeon
  4231 | D:5      | Reached skill level 10 in Ranged Weapons
  4604 | D:5      | Found a staircase to the Ecumenical Temple.
  4635 | D:5      | Reached XP level 8. HP: 43/49 MP: 8/8
  4842 | Temple   | Found a transporter.
  4842 | Temple   | Found a transporter.
  4842 | Temple   | Found a transporter.
  4842 | Temple   | Found a transporter.
  4842 | Temple   | Entered the Ecumenical Temple
  4914 | D:5      | Found a basalt altar of Yredelemnul.
  4952 | D:5      | Found a runed translucent door.
  5352 | D:5      | Noticed xbox's ghost (amateur OpWr)
  5356 | D:5      | Reached skill level 5 in Dodging
  5395 | D:5      | Killed xbox's ghost
  5396 | D:5      | Reached skill level 11 in Ranged Weapons
  6319 | D:6      | Reached skill level 12 in Ranged Weapons
  6473 | D:6      | HP: 1/47 [black bear (3)]
  6473 | D:6      | Slain by a black bear

Illustrated notes

Levels and vault maps discovered:
D:1:      nzn_arrival_crosshair, layout_basic, amcnicky_mini_corridor_feature,
          hangedman_abyss_or_decor_lesser_grid, minmay_misc_feat_five
D:2:      layout_loops_corners, minmay_crystal_water, minmay_misc_feat_tiny,
          minivault_23, st_stairs_2, uniq_natasha
D:3:      layout_basic, vehumet_crystals, zin_angel, lexackson_kobold_supper
D:4:      layout_loops_ring, hangedman_abyss_or_decor_stabs
D:5:      nicolae_cairo_tiling_very_big, layout_rooms,
          mainiacjoe_overflow_alcove_1, temple_fountains, ebering_ghost_sewer_d
D:6:      layout_basic
Temple:   hellmonk_temple_divided_pantheon

Skill      XL: |  1  2  3  4  5  6  7  8 |
---------------+-------------------------+-----
Fighting       | 3 4 5 |  5.0
Ranged Weapons | 7 8 10 12 | 12.3
Dodging        | 4 5 |  5.0
Stealth        | |  1.3

Action                     |  1- 3 |  4- 6 |  7- 9 || total
---------------------------+-------+-------+-------++-------
  Melee: Shortbow          |       |     3 |     1 ||     4
   Fire: Shortbow          |    74 |   200 |   212 ||   486
    Use: Scroll            |       |     6 |     4 ||    10
 Armour: Leather armour    |     9 |    71 |    93 ||   173
  Dodge: Dodged            |    24 |    98 |   110 ||   232

Table legend: (Time is in decaauts)
 A = Elapsed time spent in this place.
 B = Non-inter-level travel time spent in this place.
 C = Inter-level travel time spent in this place.
 D = Time resting spent in this place.
 E = Time spent auto-exploring this place.
 F = Levels seen in this place.
 G = Mean time per level.
                   A        B        C        D        E       F      G
               +--------+--------+--------+--------+--------+-----+--------+
         Total |   6518 |   6354 |    164 |   1265 |   4268 |   7 |  931.1 |
       Dungeon |   6495 |   6331 |    164 |   1265 |   4268 |   6 | 1082.5 |
        Temple |     23 |     23 |      0 |      0 |      0 |   1 |   23.0 |
               +--------+--------+--------+--------+--------+-----+--------+

Top non-repeatable levels by time:
     D:2: 1388 daAuts
     D:5: 1338 daAuts
     D:1: 1019 daAuts
     D:3: 959 daAuts
     D:6: 932 daAuts
     D:4: 858 daAuts
  Temple: 23 daAuts
